 Dungeon Crawl Stone Soup version 0.17-a0-1769-g54adf96 (console) character file.

186 Illiel the Shooter (level 5, 0/34 HPs)
             Began as a High Elf Arcane Marksman on Sept 7, 2015.
             Slain by Illiel's ghost (4 damage)
             ... on level 3 of the Dungeon.
             The game lasted 00:12:36 (2944 turns).

Illiel the Shooter (High Elf Arcane Marksman)       Turns: 2944, Time: 00:12:36

Health: 0/34       AC:  5    Str: 10    XL:     5   Next: 38%
Magic:  6/9        EV: 11    Int: 20    God:
Gold:   89         SH:  0    Dex: 16    Spells: 3 memorised, 2 levels left

rFire  . . .     SeeInvis .     b - +1 dagger (venom)
rCold  . . .     Clarity  .     j - +0 ring mail
rNeg   . . .     SustAt   .     (no shield)
rPois  .         Gourm    .     (no helmet)
rElec  .         Spirit   .     (no cloak)
rCorr  .         Warding  .     (no gloves)
rMut   .         Stasis   .     (no boots)
MR     .....                    (no amulet)
Stlth  +.........               (no ring)
                                x - +4 ring of intelligence

@: very slightly contaminated, slowed, very slow, not resistant to hostile
enchantments, very unstealthy
A: no striking features
a: no special abilities


You were on level 3 of the Dungeon.
You were not hungry.

You visited 1 branch of the dungeon, and saw 3 of its levels.

You collected 89 gold pieces.

Inventory:

Hand weapons
 a - a +0 shortbow
 b - a +1 dagger of venom (weapon)
 o - a +0 blowgun
Missiles
 h - 25 arrows
 p - 14 poisoned needles
Armour
 c - a +0 robe
 j - a +0 ring mail (worn)
Jewellery
 q - a +3 ring of evasion {unknown}
 x - a +4 ring of intelligence (left hand)
Magical devices
 u - a wand of lightning (11)
Scrolls
 f - 3 scrolls of teleportation {unknown}
 i - 4 scrolls of fear {unknown}
 l - 4 scrolls of remove curse {unknown}
 m - a scroll of recharging {unknown}
 n - 2 scrolls of immolation {unknown}
 s - a scroll of identify {unknown}
 t - a scroll of enchant armour {unknown}
Potions
 k - a potion of cancellation
Books
 d - a book of Debilitation

   Spells                             Type                      Level
   a - Corona                         Hexes                        1
   b - Slow                           Hexes                        2
   c - Gell's Gravitas                Hexes/Translocation          3
   d - Inner Flame                    Hexes/Fire                   3
   e - Cause Fear                     Hexes                        4
   f - Leda's Liquefaction            Hexes/Earth                  4
Comestibles
 e - 2 bread rations
 g - a chunk of flesh
 r - 4 fruits
 v - a royal jelly
 w - 2 slices of pizza


   Skills:
 + Level 2.2 Fighting
 * Level 4.6 Bows
 + Level 1.6 Armour
 + Level 3.1 Dodging
 + Level 0.5 Stealth
 + Level 2.2 Spellcasting
 + Level 3.2 Hexes
 + Level 0.2 Fire Magic


You had 2 spell levels left.
You knew the following spells:

 Your Spells              Type           Power        Failure   Level  Hunger
a - Corona                Hex            ###....      12%         1    #......
b - Slow                  Hex            ###.....     17%         2    ##.....
c - Inner Flame           Hex/Fire       #.......     67%         3    ###....


Dungeon Overview and Level Annotations

Branches:
Dungeon (3/15)

Altars:

Annotations:
D:3 Illiel's ghost, average HEAM


Message History

Casting: Corona
Confirm with . or Enter, or press ? or * to list all spells.
Aiming: Slow
Press: ? - help, Shift-Dir - straight line, f/p - Illiel's ghost
Aim: Illiel's ghost (lightly damaged, chance to defeat MR: 47%)
Okay, then.
Drink which item? (? for menu, Esc to quit)
Okay, then.
Read which item? (? for menu, Esc to quit)
Okay, then.
Casting: Slow
Confirm with . or Enter, or press ? or * to list all spells.
Aiming: Slow
Press: ? - help, Shift-Dir - straight line, f/p - Illiel's ghost
Aim: Illiel's ghost (lightly damaged, chance to defeat MR: 47%)
You miscast Slow.
You are very lightly contaminated with residual magic.
You hear an indistinct dissonance whispering inside your mind.
Illiel's ghost hits you.
You die...

▒▒▒▒▒▒▒▒▒▒▒▒▒ ▒▒▒▒▒▒▒
▒▒∙∙∙∙∙∙∙∙∙)∙▒ ▒
∙∙∙∙∙∙▒▒
▒∙∙∙∙∙∙▒▒▒▒▒∙▒▒
▒∙∙▒▒▒∙∙∙▒▒▒▒∙∙▒▒▒∙▒
▒∙▒∙
▒∙∙∙∙∙∙∙∙∙W@∙∙∙∙▒∙▒
▒▒∙▒∙î
▒▒▒▒∙∙∙▒▒▒▒∙∙▒∙▒∙▒
▒▒∙▒▒∙gî ▒▒∙▒▒
▒∙∙▒∙▒∙▒▒▒∙▒▒ ∙∙ ▒∙▒
▒∙∙▒ ▒∙∙∙∙▒▒ ▒▒▒' ▒∙▒
▒∙▒ ▒∙∙▒ ▒▒▒▒▒∙▒▒▒∙▒∙
▒∙∙ ▒∙▒ ▒∙▒ ▒∙∙∙
▒▒∙▒∙∙∙▒ ▒∙∙ ▒∙▒ ▒∙▒
▒∙∙▒▒ ▒▒∙▒∙▒▒ ▒∙∙ ▒∙▒
▒(▒ ▒∙▒▒ ▒)▒∙∙∙ ▒∙∙▒▒∙▒
▒∙∙ ∙∙▒▒▒▒ ▒∙∙∙▒∙▒ ▒▒▒
▒∙ ▒▒▒▒ ▒ ▒∙▒∙▒∙▒ ▒∙▒ ▒
▒∙∙∙▒∙▒ ∙∙▒ ▒
▒▒∙▒▒∙∙▒▒▒▒▒▒▒▒▒▒▒▒▒∙▒▒
▒
∙∙∙∙∙∙∙∙∙∙∙∙∙∙∙∙∙%∙∙∙∙▒
▒
▒▒∙∙∙∙∙∙▒▒▒▒▒▒▒∙∙∙∙∙∙∙▒
▒
∙∙∙∙∙∙∙∙▒▒▒▒▒▒▒∙∙∙∙∙∙∙▒
▒
▒▒)▒▒▒▒∙∙∙∙∙∙∙∙∙∙∙∙∙∙∙▒
▒


You could see Illiel's ghost.

Vanquished Creatures
  9 adders
  3 oozes
  3 worms
  4 giant geckos
  4 orcs (D:3)
  12 bats
  6 giant cockroaches
  9 hobgoblins
  6 jackals (D:3)
  6 kobolds
  5 giant newts
  8 goblins
  8 rats
83 creatures vanquished.

Notes
Turn   | Place    | Note
--------------------------------------------------------------
     0 | D:1      | Illiel the High Elf Arcane Marksman began the quest for the Orb.
     0 | D:1      | Reached XP level 1. HP: 13/13 MP: 3/3
   134 | D:1      | Reached XP level 2. HP: 18/18 MP: 3/5
   158 | D:1      | Learned a level 2 spell: Slow
   882 | D:2      | Reached XP level 3. HP: 21/23 MP: 6/6
  1237 | D:2      | Reached skill level 1 in Armour
  1515 | D:2      | Reached XP level 4. HP: 29/29 MP: 7/7
  1520 | D:2      | Learned a level 3 spell: Inner Flame
  1758 | D:2      | Reached skill level 4 in Bows
  1942 | D:2      | HP: 1/29 [poisoned by an adder]
  2518 | D:3      | Reached XP level 5. HP: 23/34 MP: 9/9
  2920 | D:3      | Noticed Illiel's ghost (average HEAM)
  2944 | D:3      | Slain by Illiel's ghost

Vault maps used:
D:1:      saegor_arrival_simple_b
D:2:      kennysheep_generic_room_2
D:3:      kennysheep_generic_room_14

Action                   |  1- 3 |  4- 6 || total
-------------------------+-------+-------++-------
Melee: Unarmed           |    15 |    27 ||    42
       Dagger            |       |   119 ||   119
 Fire: Shortbow          |    97 |    32 ||   129
 Cast: Slow              |     2 |    14 ||    16
       Corona            |       |    14 ||    14
  Use: Potion            |     3 |     3 ||     6
  Eat: Chunk             |       |     8 ||     8
